 Dungeon Crawl Stone Soup version 0.30-a0-140-gd1020e658a (webtiles) character file.

Game seed: 14417301240716877980

32 Bnni the Trooper (level 3, -5/29 HPs)
             Began as a Demonspawn Fighter on Sept 24, 2022.
             Slain by an ogre
             ... wielding a +0 giant spiked club
              (17 damage)
             ... on level 3 of the Dungeon.
             The game lasted 00:01:59 (1982 turns).

Bnni the Trooper (Demonspawn Fighter)               Turns: 1982, Time: 00:02:00

Health: -5/29      AC:  6    Str: 18    XL:     3   Next: 8%
Magic:  3/3        EV:  9    Int:  9    God:
Gold:   76         SH:  9    Dex: 12    Spells: 2/2 levels left

rFire   . . .      SeeInvis +    a - +0 trident
rCold   . . .      Faith    .    c - +0 buckler
rNeg    . . .      Spirit   .    b - +0 scale mail
rPois   .          Reflect  +    (no helmet)
rElec   .          Harm     .    (no cloak)
rCorr   .          Rampage  .    (no gloves)
Will    .....                    (no boots)
Stlth   ..........               m - amulet of reflection
HPRegen 0.09/turn                j - ring of see invisible
MPRegen 0.08/turn                (no ring)

@: mighty
A: claws 1, powered by death 1
a: no special abilities


You were on level 3 of the Dungeon.
You visited 1 branch of the dungeon, and saw 3 of its levels.

You collected 76 gold pieces.

Inventory:

Hand Weapons
 a - a +0 trident (weapon)
Armour
 b - a +0 scale mail (worn)
 c - a +0 buckler (worn)
Jewellery
 j - a ring of see invisible (left claw)
 m - an amulet of reflection (around neck)
Scrolls
 e - a scroll of noise {unknown}
 f - 2 scrolls of enchant weapon {unknown}
 g - a scroll of identify {unknown}
 h - a scroll of enchant armour {unknown}
 k - a scroll of acquirement {unknown}
Potions
 d - a potion of might
 i - a potion of mutation {unknown}
 l - a potion of haste {unknown}


   Skills:
 + Level 3.4 Fighting
 * Level 2.9 Polearms
 - Level 2.6 Armour
 - Level 2.6 Shields


You had 2 spell levels left.
You didn't know any spells.
Your spell library contained the following spells:

 Spells                   Type           Power      Damage    Failure   Level
 Magic Dart               Conj           0%         1d3       86%         1
 Call Imp                 Summ           0%         N/A       95%         2
 Sublimation of Blood     Necr           0%         N/A       95%         2
 Wereblood                Tmut           0%         N/A       95%         2
 Mephitic Cloud           Conj/Pois/Air  0%         N/A       99%         3
 Airstrike                Air            0%         2d(0-16)  100%        4
 Summon Lightning Spire   Summ/Air       0%         N/A       100%        4
 Lightning Bolt           Conj/Air       0%         1d11      100%        5
 Summon Hydra             Summ           0%         N/A       100%        7


Dungeon Overview and Level Annotations

Branches:
Dungeon (3/15)

Altars:


Innate Abilities, Weirdness & Mutations

You have sharp fingernails.
You regenerate a little health from kills.


Message History

You finish putting on your amulet of reflection.
You feel a shielding aura gather around you.
m - an amulet of reflection (around neck)
You see here a +0 sling.
You see here a staff of earth.
There is a stone staircase leading up here.
Done exploring.
Done exploring.
Done exploring.
There is a stone staircase leading up here.
There is a stone staircase leading down here.
Okay, then.
You climb downwards.
You hear the sound of rushing water.
There is an entrance to a sewer on this level.
Hurry and find it before the portal rusts away!
There is a stone staircase leading up here.
You reach to attack!
You hit the bat.
You kill the bat!
No target in view!
An ogre comes into view. It is wielding a +0 giant spiked club.
The ogre shouts!
You hear a shout!
You reach to attack!
You barely miss the ogre. You closely miss the ogre.
The ogre barely misses you.
You have nothing you can fire or use right now.
Unknown command.
You feel very mighty all of a sudden. You block the ogre's attack.
You barely miss the ogre. You puncture the ogre!
The ogre is heavily wounded.
The ogre hits you with a +0 giant spiked club!
Ouch! That really hurt!
You hit the ogre.
The ogre is severely wounded.
You block the ogre's attack.
You barely miss the ogre.
The ogre is severely wounded.
The ogre hits you with a +0 giant spiked club!
Ouch! That really hurt!
You die...

#### #######
.....
#.....#
#....#...<.#
#.O@....#
#....#.....#
#.#. #.....#
# #######


You could see an ogre.

Vanquished Creatures
  A dart slug (D:1)
  3 ball pythons (D:1)
  2 endoplasms (D:1)
  3 goblins (D:1)
  2 hobgoblins
  A quokka (D:1)
  4 bats
  4 frilled lizards
  5 kobolds
  6 rats
31 creatures vanquished.

Vanquished Creatures (others)
  A plant (D:1)
1 creature vanquished.

Grand Total: 32 creatures vanquished

Notes
Turn   | Place    | Note
-------+----------+-------------------------------------------
     0 | D:1      | Bnni the Demonspawn Fighter began the quest for the Orb.
     0 | D:1      | Reached XP level 1. HP: 18/18 MP: 1/1
   195 | D:1      | Gained mutation: You regenerate a little health from kills.
                  | [demonic ancestry]
   195 | D:1      | Reached XP level 2. HP: 17/24 MP: 2/2
   413 | D:1      | Found a faded altar of an unknown god.
  1416 | D:2      | Gained mutation: You have sharp fingernails. [demonic
                  | ancestry]
  1416 | D:2      | Reached XP level 3. HP: 29/29 MP: 3/3
  1975 | D:3      | Noticed an ogre
  1982 | D:3      | Slain by an ogre

Illustrated notes

Levels and vault maps discovered:
D:1:      amcnicky_arrival_wind_blow, layout_basic,
          ebering_ecumenical_altar_abandoned, serial_forest,
          infiniplex_forest_zigzag_1, infiniplex_forest_clump_double,
          infiniplex_forest_straight_5, infiniplex_forest_join,
          infiniplex_forest_corner_2, infiniplex_forest_lined_room_3,
          infiniplex_forest_lined_corner
D:2:      layout_loops_cross
D:3:      minmay_bubble_buster, layout_loops_cross, general_overflow_altar,
          led_sif_book, gup_sewer_entry_glass

Skill      XL: |  1 |
---------------+----+-----
Polearms       | 2 |  2.9
Fighting       | |  3.4
Armour         | |  2.6
Shields        | |  2.6

Action                   || total
-------------------------++-------
Melee: Trident           ||    90
  Use: Potion            ||     1
Armor: Scale mail        ||    31
Dodge: Dodged            ||    24
Block: Buckler           ||     7

Table legend: (Time is in decaauts)
 A = Elapsed time spent in this place.
 B = Non-inter-level travel time spent in this place.
 C = Inter-level travel time spent in this place.
 D = Time resting spent in this place.
 E = Time spent auto-exploring this place.
 F = Levels seen in this place.
 G = Mean time per level.
                   A        B        C        D        E       F      G
               +--------+--------+--------+--------+--------+-----+--------+
         Total |   2001 |   1939 |     62 |      0 |   1695 |   3 |  667.0 |
       Dungeon |   2001 |   1939 |     62 |      0 |   1695 |   3 |  667.0 |
               +--------+--------+--------+--------+--------+-----+--------+

Top non-repeatable levels by time:
     D:1: 1406 daAuts
     D:2: 583 daAuts
     D:3: 11 daAuts
